Map: Automaton LE

Players

Snute

  • Race: Zerg Zerg
  • Spawn Location: 3:00

Namshar - Winner!

  • Race: Zerg Zerg
  • Spawn Location: 9:00

Event: 2019 WCS Spring

VOD

Have the link to the VOD?

Description

Time

  • Played on: May 17, 2019, 11:37 a.m.
  • Length: 21:32

All games in this series

Show
View Real Time Build Order
Export as new Build Order

Snute Zerg 

Build Orders: Hatch First, Muta Ling Bane 

Get SALT Encoding   

  12  0:00  Drone  
  13  0:12  Overlord  
  13  0:17  Drone  
  14  0:30  Drone x2  
  14  0:34  Drone  
  17  0:52  Hatchery  
  17  0:55  Drone  
  17  0:58  Drone  
  17  1:00  Extractor  
  17  1:13  Spawning Pool  
  17  1:17  Drone  
  17  1:20  Drone  
  18  1:28  Drone  
  19  1:39  Overlord  
  19  1:49  Drone  
  20  2:00  Metabolic Boost, Queen  
  22  2:03  Queen  
  22  2:07  Drone  
  25  2:09  Drone  
  25  2:12  Drone  
  27  2:15  Drone  
  27  2:22  Drone  
  29  2:26  Drone  
  29  2:27  Evolution Chamber  
  29  2:32  Drone  
  30  2:37  Queen  
  30  2:39  Drone  
  30  2:43  Overlord  
  33  2:47  Drone  
  34  2:54  Drone  
  34  2:57  Zerg Melee Weapons Level 1  
  35  2:59  Drone  
  35  3:04  Drone  
  37  3:07  Drone  
  37  3:08  Drone x2  
  37  3:09  Drone  
  41  3:19  Hatchery  
  40  3:23  Drone  
  40  3:25  Overlord  
  40  3:27  Zergling x2  
  42  3:28  Zergling x2  
  43  3:35  Drone  
  43  3:37  Overlord  
  45  3:43  Spine Crawler  
  45  3:44  Zergling x12, Baneling Nest  
  45  3:48  Zergling x2  
  50  3:52  Zergling x2  
  50  3:55  Queen  
  52  4:02  Drone  
  43  4:03  Drone  
  43  4:07  Drone  
  45  4:13  Drone  
  45  4:14  Drone  
  45  4:16  Lair  
  47  4:27  Zergling x4  
  49  4:31  Baneling x3  
  49  4:34  Extractor x2  
  49  4:37  Drone x2  
  47  4:48  Drone x4  
  47  4:50  Drone x2  
  53  4:54  Extractor, Drone  
  53  5:00  Overlord  
  53  5:02  Drone  
  54  5:09  Drone  
  54  5:13  Drone  
  49  5:24  Spire  
  48  5:29  Drone x2  
  48  5:30  Drone x3  
  53  5:42  Hatchery  
  51  5:45  Drone  
  51  5:46  Zerg Melee Weapons Level 2  
  51  5:49  Drone  
  53  5:55  Zergling x8  
  57  5:58  Drone  
  57  5:59  Drone  
  58  6:05  Drone x2  
  58  6:11  Drone  
  60  6:14  Overlord  
  60  6:28  Hatchery  
  60  6:30  Drone  
  60  6:31  Drone x4  
  64  6:36  Drone  
  64  6:37  Zerg Flyer Weapons Level 1  
  65  6:40  Extractor  
  65  6:41  Drone  
  65  6:42  Drone x2  
  65  6:43  Extractor  
  67  6:47  Drone  
  67  6:50  Drone x2  
  67  6:51  Drone  
  67  6:52  Drone  
  71  6:56  Drone  
  71  7:00  Drone  
  73  7:02  Centrifical Hooks  
  73  7:04  Drone  
  73  7:05  Drone  
  75  7:10  Overlord  
  75  7:11  Drone x3  
  78  7:18  Overlord  
  78  7:20  Mutalisk x2  
  82  7:24  Extractor  
  82  7:27  Overlord  
  82  7:28  Drone  
  82  7:29  Drone x2  
  84  7:30  Extractor, Drone x2  
  84  7:33  Mutalisk x2  
  89  7:37  Mutalisk x2  
  89  7:41  Mutalisk x2  
  89  7:43  Drone x2  
  99  7:48  Mutalisk x2  
  103  7:51  Pneumatized Carapace  
  103  7:52  Overseer  
  103  7:55  Mutalisk  
  103  7:56  Mutalisk  
  107  8:03  Mutalisk  
  107  8:04  Mutalisk  
  111  8:10  Mutalisk, Infestation Pit  
  112  8:17  Overlord x2  
  112  8:20  Overlord  
  112  8:25  Overlord  
  112  8:30  Overlord  
  112  8:32  Zerg Flyer Weapons Level 2  
  112  8:35  Overlord  
  112  8:36  Mutalisk  
  112  8:37  Mutalisk x4  
  122  8:45  Mutalisk  
  124  8:49  Hive  
  124  8:50  Zergling x2  
  124  8:51  Zergling x12  
  131  9:04  Zergling x4  
  131  9:08  Overlord  
  133  9:10  Overlord  
  133  9:17  Zerg Ground Armor Level 1  
  133  9:20  Baneling  
  133  9:21  Baneling x9  
  133  9:22  Baneling x5  
  133  9:23  Baneling  
  133  9:24  Overlord  
  133  9:25  Baneling x2  
  133  9:26  Baneling x6  
  133  9:28  Zergling x6  
  133  9:29  Zergling x16  
  144  9:32  Queen  
  130  9:55  Mutalisk  
  130  9:56  Mutalisk x5  
  139  10:10  Ultralisk Cavern  
  138  10:14  Drone  
  138  10:15  Drone x2  
  138  10:16  Zergling x40  
  161  10:22  Overlord x2  
  161  10:24  Overlord  
  161  10:48  Overseer  
  161  10:56  Chitinous Plating  
  161  10:57  Ultralisk  
  161  10:58  Ultralisk x3  
  185  11:11  Ultralisk x2  
  195  11:12  Overseer  
  195  11:16  Overseer  
  195  11:19  Baneling x7  
  195  11:20  Baneling  
  195  11:23  Baneling x3  
  195  11:38  Ultralisk  
  183  11:41  Baneling  
  183  11:42  Baneling x5  
  183  11:44  Zergling x26  
  182  11:53  Overseer  
  178  12:04  Baneling x12  
  175  12:10  Overseer  
  175  12:14  Overlord x3  
  168  12:19  Zergling x20  
  163  12:44  Ultralisk  
  163  12:45  Ultralisk, Hatchery  
  174  12:53  Ultralisk  
  180  12:59  Ultralisk  
  186  13:11  Extractor  
  185  13:14  Extractor  
  184  13:25  Ultralisk  
  186  13:28  Baneling x8  
  186  13:29  Baneling x3  
  150  13:45  Ultralisk  
  126  13:55  Zergling x2  
  126  13:56  Extractor, Zergling x30  
  138  14:07  Ultralisk  
  135  14:11  Overseer  
  123  14:33  Ultralisk  
  123  14:34  Ultralisk  
  135  14:46  Overlord x2  
  135  14:52  Hatchery  
  135  14:53  Baneling x12  
  135  14:54  Baneling  
  134  15:00  Baneling x3  
  134  15:04  Baneling  
  134  15:05  Baneling x3  
  134  15:08  Baneling x2  
  102  15:30  Ultralisk  
  102  15:33  Zergling x2  
  102  15:34  Zergling x30  
  110  15:45  Ultralisk  
  110  15:47  Overseer  
  110  15:50  Drone  
  110  15:51  Drone x2  
  110  15:56  Ultralisk  
  113  16:06  Drone x5  
  118  16:12  Hatchery  
  118  16:13  Overseer  
  117  16:24  Drone x3  
  117  16:25  Drone x2  
  122  16:38  Ultralisk x2  
  122  16:39  Anabolic Synthesis  
  121  16:55  Ultralisk  
  125  17:06  Ultralisk  
  125  17:08  Overseer x3  
  131  17:10  Zergling x6  
  131  17:15  Overlord x3  
  134  17:34  Drone x2  
  134  17:35  Drone  
  134  17:36  Drone x3  
  139  17:38  Ultralisk  
  139  17:39  Ultralisk  
  139  17:42  Zergling x2  
  139  17:43  Zergling x10  
  157  17:51  Zergling x2  
  157  17:52  Zergling x10  
  157  17:57  Overlord x3  
  163  18:05  Baneling x3  
  163  18:06  Baneling x14  
  163  18:19  Viper x2  
  163  18:24  Overlord x2, Queen x2  
  173  18:28  Ultralisk  
  179  18:35  Zerg Ground Armor Level 2  
  179  18:50  Evolution Chamber  
  179  18:51  Ultralisk  
  179  18:54  Overseer x2  
  184  18:58  Spore Crawler, Drone x5  
  183  19:03  Drone x6  
  183  19:05  Ultralisk  
  190  19:10  Drone x3  
  190  19:16  Zergling x14  
  199  19:22  Extractor  
  198  19:24  Extractor  
  198  19:29  Spine Crawler  
  198  19:30  Spine Crawler  
  191  19:41  Ultralisk  
  191  19:42  Ultralisk  
  191  19:43  Zergling x26  
  191  19:45  Baneling x2  
  184  20:03  Overseer x4  
  168  20:09  Ultralisk  
  168  20:12  Zergling x2  
  168  20:13  Zergling x32  
  108  20:23  Zergling x12  
  108  20:25  Extractor  
  113  20:29  Ultralisk  
  113  20:30  Zergling x12  
  108  20:45  Zergling x10  
  100  20:57  Zergling x16  
  107  21:04  Overseer  
  107  21:13  Zergling x10  
Show
View Real Time Build Order
Export as new Build Order

Namshar Zerg - Winner!

Build Orders: Hatch First, Lurkers, Roach Hydra 

Get SALT Encoding   

  12  0:00  Drone  
  13  0:13  Overlord  
  13  0:17  Drone  
  14  0:31  Drone x2  
  16  0:49  Hatchery  
  15  0:53  Drone  
  15  0:56  Drone  
  17  0:59  Drone  
  18  1:07  Extractor  
  17  1:15  Spawning Pool  
  17  1:18  Drone  
  17  1:21  Drone  
  18  1:28  Drone  
  19  1:40  Drone  
  20  1:51  Drone  
  21  2:01  Queen x2  
  21  2:02  Zergling x2  
  21  2:03  Overlord  
  26  2:08  Metabolic Boost  
  26  2:12  Drone  
  26  2:14  Drone  
  29  2:22  Drone  
  29  2:23  Drone  
  30  2:33  Drone x2  
  32  2:42  Hatchery  
  31  2:46  Overlord  
  31  2:49  Drone  
  31  3:05  Baneling Nest  
  30  3:11  Zergling x16  
  38  3:13  Zergling x2  
  38  3:18  Zergling x2  
  40  3:20  Overlord  
  40  3:26  Drone  
  41  3:30  Zergling x2  
  41  3:32  Zergling x2  
  43  3:40  Overlord  
  43  3:42  Drone x3  
  43  3:43  Drone x2  
  48  3:49  Baneling  
  48  3:50  Evolution Chamber, Baneling  
  48  3:54  Drone x2  
  46  4:03  Zergling x4  
  48  4:11  Extractor  
  48  4:14  Roach Warren, Drone x4  
  50  4:20  Zerg Missile Weapons Level 1  
  50  4:23  Baneling x4  
  50  4:28  Drone x3  
  50  4:47  Drone x10  
  59  4:53  Lair  
  59  5:02  Overlord  
  59  5:04  Zergling x2  
  59  5:05  Zergling x2  
  59  5:13  Zergling x4  
  59  5:16  Queen  
  59  5:17  Baneling x2  
  61  5:22  Drone x3  
  61  5:23  Drone x6  
  61  5:25  Extractor  
  61  5:26  Pneumatized Carapace  
  69  5:30  Overlord, Drone  
  69  5:31  Drone  
  71  5:36  Drone  
  71  5:44  Overlord  
  71  5:48  Extractor, Drone x2  
  71  5:49  Extractor x2, Drone x2  
  72  5:50  Overlord  
  72  5:51  Glial Reconstitution  
  72  5:54  Hydralisk Den  
  68  6:05  Drone  
  68  6:06  Drone x7  
  68  6:11  Queen  
  73  6:13  Roach x3  
  73  6:16  Zerg Missile Weapons Level 2  
  81  6:22  Overlord  
  81  6:27  Queen  
  81  6:29  Muscular Augments  
  81  6:32  Spore Crawler  
  82  6:34  Drone x2  
  82  6:35  Drone x2  
  82  6:37  Roach  
  82  6:38  Overseer  
  88  6:43  Roach  
  88  6:44  Roach x3  
  96  6:48  Spore Crawler  
  96  6:49  Spore Crawler  
  96  6:53  Roach x2  
  98  6:54  Overlord  
  98  6:55  Hydralisk x2  
  98  7:00  Hydralisk  
  98  7:01  Hydralisk  
  104  7:04  Overlord  
  104  7:05  Overlord  
  104  7:07  Overlord  
  106  7:12  Lurker Den  
  106  7:15  Drone  
  106  7:17  Drone  
  106  7:19  Infestation Pit  
  106  7:20  Drone  
  107  7:25  Hydralisk x4  
  115  7:35  Hydralisk x3  
  121  7:39  Hatchery  
  121  7:40  Grooved Spines  
  120  7:44  Queen  
  120  7:45  Hydralisk x2  
  120  7:48  Overlord  
  126  7:56  Hydralisk x3  
  132  8:04  Overlord x2  
  132  8:06  Hydralisk x3  
  132  8:08  Roach  
  140  8:17  Overseer  
  140  8:20  Pathogen Glands  
  140  8:22  Hive  
  140  8:24  Drone x6  
  146  8:33  Drone x2  
  148  8:38  Lurker x2  
  148  8:40  Spore Crawler  
  149  8:41  Spore Crawler, Overlord x2  
  149  8:45  Overseer  
  148  8:52  Overlord x2  
  148  8:57  Zerg Ground Armor Level 1  
  148  8:58  Drone  
  148  8:59  Evolution Chamber  
  148  9:01  Drone x2  
  149  9:03  Spore Crawler  
  149  9:09  Lurker x2  
  150  9:10  Hydralisk x4  
  150  9:12  Drone  
  150  9:13  Extractor, Drone x2  
  150  9:14  Overlord x2  
  160  9:18  Hydralisk x2  
  164  9:28  Overlord x3  
  164  9:30  Infestor  
  166  9:35  Infestor  
  156  9:48  Drone x11  
  156  9:50  Infestor  
  158  9:55  Drone x3  
  158  9:56  Spore Crawler x2  
  158  9:57  Spore Crawler  
  160  10:01  Overlord, Infestor x2  
  158  10:09  Queen  
  158  10:10  Queen  
  158  10:13  Lurker x2  
  164  10:21  Hydralisk x3  
  164  10:23  Hydralisk  
  164  10:25  Roach x2  
  176  10:32  Spore Crawler  
  175  10:43  Infestor  
  175  10:45  Zerg Missile Weapons Level 3  
  175  10:47  Extractor  
  176  10:50  Hydralisk  
  176  10:51  Roach x4  
  186  11:09  Hydralisk x4  
  191  11:12  Hatchery  
  191  11:13  Spore Crawler x2  
  191  11:18  Lurker x2  
  187  11:28  Hydralisk x6  
  190  11:41  Hydralisk x3  
  196  12:02  Hydralisk  
  196  12:03  Roach  
  188  12:29  Hydralisk  
  178  12:30  Roach  
  178  12:31  Roach x10  
  178  12:33  Hatchery  
  198  12:43  Lurker x4  
  200  12:54  Spine Crawler  
  199  13:18  Roach  
  172  13:39  Hydralisk x17  
  178  13:41  Roach  
  178  13:42  Roach  
  121  13:58  Roach Warren, Hydralisk Den  
  111  14:07  Drone x2  
  111  14:08  Drone x5  
  112  14:18  Hydralisk  
  112  14:21  Hatchery  
  113  14:27  Hatchery  
  113  14:31  Lurker x2  
  113  14:32  Lurker x3  
  117  14:38  Overseer  
  117  14:39  Queen  
  117  14:41  Drone  
  117  14:42  Drone x3  
  123  14:51  Hydralisk x2  
  123  14:52  Roach x2  
  131  14:53  Drone  
  131  14:54  Drone x2  
  131  14:55  Drone x3  
  137  15:06  Lurker x3  
  140  15:13  Hydralisk  
  144  15:14  Roach  
  128  15:23  Hatchery  
  128  15:25  Hydralisk  
  128  15:26  Roach x3  
  128  15:27  Roach x2  
  113  15:31  Queen  
  113  15:32  Hydralisk  
  82  15:41  Queen, Drone x4  
  86  15:43  Hydralisk  
  86  15:44  Hydralisk  
  88  15:51  Hydralisk  
  88  15:54  Drone  
  88  15:55  Drone x3  
  94  16:01  Drone  
  94  16:02  Drone  
  96  16:11  Drone x2  
  98  16:12  Hydralisk  
  100  16:18  Adaptive Talons  
  100  16:20  Lurker  
  100  16:21  Lurker  
  100  16:24  Hydralisk x2  
  106  16:27  Drone x2  
  106  16:28  Drone  
  109  16:35  Hydralisk x4  
  117  16:45  Hydralisk  
  117  16:46  Hydralisk x2  
  123  17:00  Drone x4  
  124  17:02  Lurker  
  124  17:03  Lurker  
  126  17:09  Tunneling Claws  
  126  17:15  Hydralisk x2  
  126  17:16  Hydralisk x2  
  134  17:25  Lurker  
  134  17:27  Roach x3  
  141  17:36  Hydralisk x2  
  141  17:37  Roach x2  
  149  17:44  Hydralisk x2  
  153  17:54  Hydralisk x2  
  153  17:55  Roach x2  
  161  17:59  Lurker  
  162  18:22  Hydralisk x3  
  162  18:25  Lurker x3  
  171  18:28  Roach  
  171  18:29  Roach  
  175  18:36  Hatchery  
  175  18:37  Burrow  
  174  18:47  Drone  
  174  18:48  Drone x3  
  178  18:51  Lurker  
  178  18:52  Lurker  
  180  18:59  Spore Crawler  
  180  19:01  Spore Crawler  
  180  19:02  Hydralisk x2  
  178  19:03  Hydralisk, Roach  
  180  19:17  Hydralisk x3  
  180  19:18  Roach x2  
  188  19:38  Hydralisk, Roach  
  186  19:39  Roach x6  
  181  20:01  Hydralisk  
  181  20:02  Roach x4  
  181  20:03  Roach x4  
  166  20:12  Roach x3  
  151  20:18  Hydralisk  
  151  20:19  Roach  
  151  20:20  Roach  
  141  20:21  Roach x4  
  141  20:28  Lurker  
  142  20:41  Roach x7  
  129  20:43  Hydralisk x4  
  129  20:44  Hydralisk x3  
  129  20:48  Roach x3  
  129  20:49  Hydralisk x2  
  135  20:50  Roach x4  
Tags
 
Add a new tag
Caveats
  • Supply blocks, unpowered buildings, or Contaminate may cause inaccurate times.
  • Supply counts are checked every 10 seconds.